 Dungeon Sprint DCSS version 0.22-a0-389-g8519d86 (webtiles) character file.

3178 raistware the Warrior (level 9, 0/89 HPs)
             Began as a Demonspawn Abyssal Knight on Apr 30, 2018.
             Was the Champion of Lugonu.
             Slain by a guardian mummy
             ... wielding a +2 dagger of venom
              (18 damage)
             ... in the Dungeon (Sprint V: "Ziggurat Sprint").
             The game lasted 00:15:31 (385 turns).

raistware the Warrior (Demonspawn Abyssal Knight)    Turns: 385, Time: 00:15:33

Health: 0/89       AC: 22    Str: 29      XL:     9   Next: 63%
Magic:  10/10      EV:  2    Int: 10 (13) God:    Lugonu [******]
Gold:   0          SH: 18    Dex: 12      Spells: 8/8 levels left

rFire    + + +     SeeInvis .   D - +8 lance "Wyrmbane" {slay drac, rPois rF+ rC+ AC+3}
rCold    + + +     Gourm    .   m - +3 large shield
rNeg     . . .     Faith    .   F - +5 gold dragon scales
rPois    +         Spirit   .   (helmet restricted)
rElec    +         Reflect  .   (no cloak)
rCorr    +         Harm     .   (no gloves)
MR       .....     NoTele   +   (no boots)
Stlth    ..........             (no amulet)
HPRegen  0.24/turn              y - +6 ring of strength
MPRegen  0.12/turn              z - +6 ring of strength

@: resistant, very slightly contaminated, hasted and slowed, drained
A: claws 2, horns 1, talons 1, spiny 1
a: Bend Space, Banish, Corrupt, Brand Weapon With Distortion, Renounce Religion


You were in the Dungeon.
You worshipped Lugonu.
Lugonu was exalted by your worship.
You were not hungry.

You visited 1 branch

Inventory:

Hand Weapons
 D - the +8 lance "Wyrmbane" (weapon) {slay drac, rPois rF+ rC+ AC+3}
   (You found it in the Dungeon)

   It affects your AC (+3).
   It protects you from fire.
   It protects you from cold.
   It protects you from poison.
 G - a +5 demon trident of freezing
 H - the +5 scythe "Finisher" {speed, Str+3}
   (You took it off an orc sorcerer in the Dungeon)

   Attacks with this weapon are significantly faster.
   It affects your strength (+3).
 J - a +2 antimagic spear
 L - the +9 bardiche of Discord {venom, Str+4}
   (You found it in the Dungeon)

   It poisons the flesh of those it strikes.
   It affects your strength (+4).
Armour
 m - a +3 large shield (worn)
 v - the +10 plate armour "Qatim" {MR+}
   (You found it in the Dungeon)

   It affects your resistance to hostile enchantments.
 F - +5 gold dragon scales (worn)
Jewellery
 u - a +6 ring of dexterity
 w - a +6 ring of intelligence
 y - a +6 ring of strength (left claw)
 z - a +6 ring of strength (right claw)
Wands
 A - a wand of disintegration (7)
 B - a wand of iceblast (7)
 C - a wand of acid (7)
Scrolls
 i - 3 scrolls of blinking
 p - 4 scrolls of amnesia
 q - 6 scrolls of fog
 r - 5 scrolls of identify
 s - 5 scrolls of remove curse
 t - 2 scrolls of fear
 I - a scroll of brand weapon
 K - 4 scrolls of enchant armour
Potions
 d - 10 potions of curing
 e - 3 potions of heal wounds
 f - 5 potions of haste
 g - 7 potions of magic
 h - 2 potions of berserk rage
 j - 2 potions of brilliance
 k - 2 potions of invisibility
 l - 3 potions of resistance
 n - 5 potions of agility
 o - 5 potions of might
Miscellaneous
 a - a sack of spiders
 E - a lightning rod (4/4)
Comestibles
 c - 7 rations
 x - 10 chunks of flesh


   Skills:
 + Level 15.5(14.7) Fighting
 + Level 12.4(11.6) Polearms
 + Level 5.3(4.6) Armour
 - Level 4.0(3.4) Dodging
 + Level 3.8(3.2) Shields
 - Level 2.4(1.8) Invocations


You had 8 spell levels left.
You didn't know any spells.

Dungeon Overview and Level Annotations

Branches:
Dungeon (1/1)

Altars:
Ashenzari
Cheibriados
Dithmenos
Elyvilon
Fedhas
Gozag
Hepliaklqana
Kikubaaqudgha
Makhleb
Nemelex Xobeh
Okawaru
Qazlal
Ru
Sif Muna
Trog
Uskayaw
Vehumet
Wu Jian
Xom
Yredelemnul
Zin
The Shining One
Beogh
Jiyva
Lugonu

Annotations:
D 1 transporter


Innate Abilities, Weirdness & Mutations

You have very sharp fingernails.
You have a pair of small horns on your head.
You have sharp toenails.
You are partially covered in sharp spines.


Message History

You feel drained. The death scarab bites you!
The death scarab drains your vigour!
You feel as though you will be slow longer.
The death scarab draws strength from your injuries!
You block the death scarab's attack.
The guardian mummy is struck by your spines.
The guardian mummy hits you but does no damage.
The mummy hits you but does no damage.
The guardian mummy hits you with a +2 dagger of venom!
The soul eater draws from the surrounding life force!
* * * LOW HITPOINT WARNING * * *
The soul eater is healed.
Found a transporter.
The soul eater disappears in a puff of smoke!
You block the death scarab's attack.
The ushabti shakes and rattles.
The vile air hits the guardian mummy.
The vile air hits you!
* * * LOW HITPOINT WARNING * * *
The guardian mummy hits you with a +2 dagger of venom!!
You die...

▓...8©8...▓..8©8..▓
▓..)|:....▓..|[)..▓
▓...):....▓..[))..▓
▓.........▓.......▓
▓.........▓.......▓
▓.........▓.......▓
▓.....M...▓.......▓
▓.▓..MMs▓.▓.......▓
▓....§8M@§▓...©...▓
▓▓▓▓▓▓▓▓▓▓▓▓▓▓▓▓▓▓▓
▓..8§8..▓ ▓..§§}5.▓
▓..[3§4.▓ ▓..5.35.▓
▓....5.3▓ ▓...&.5§▓
▓...55§§▓


You could see 2 guardian mummies, an ushabti, a death scarab and 2 mummies.

Vanquished Creatures
  A thrashing horror (D)
  2 deep elf magi (D)
  An orc sorcerer (D)
  2 slime creatures (D)
  A fire elemental (D)
  A floating eye (D)
  3 water moccasins (D)
  A black bear (D)
  An eye of draining (D)
  A wolf (D)
  A crimson imp (D)
  3 quasits (D)
  A jelly (D)
  An adder (D)
  2 white imps (D)
  2 ufetubi (D)
  An ooze (D)
  A bat skeleton (D)
  A ball python (D)
27 creatures vanquished.

Vanquished Creatures (others)
  A quasit (D)
1 creature vanquished.

Grand Total: 28 creatures vanquished

Notes
Turn   | Place    | Note
-------+----------+-------------------------------------------
     0 | D        | Found the +6 Majin-Bo {vamp, Archmagi MP+6 Int+6}
     0 | D        | Found the +7 great mace "Firestarter" {inner flame, rF++}
     0 | D        | raistware the Demonspawn Abyssal Knight began the quest for the Orb.
     0 | D        | Reached XP level 1. HP: 18/18 MP: 2/2
     0 | D        | Found a deep blue altar of Sif Muna.
     0 | D        | Found a sacrificial altar of Ru.
     0 | D        | Found a bloodstained altar of Trog.
     0 | D        | Found a stormy altar of Qazlal.
     0 | D        | Found an iron altar of Okawaru.
     0 | D        | Found a sparkling altar of Nemelex Xobeh.
     0 | D        | Found a blossoming altar of Fedhas.
     2 | D        | Found a transporter.
     2 | D        | Found an ancient bone altar of Kikubaaqudgha.
     2 | D        | Found a viscous altar of Jiyva.
     2 | D        | Found a corrupted altar of Lugonu.
     2 | D        | Found a hazy altar of Hepliaklqana.
     2 | D        | Found a burning altar of Makhleb.
     2 | D        | Found an opulent altar of Gozag.
    19 | D        | Found the +9 heavy crossbow "Sniper" {velocity, Acc+∞ SInv}
    19 | D        | Found the +10 dark maul {crush}
    19 | D        | Found the +15 Maxwell's patent armour {-Cast -Tele rElec MR+ rCorr}
    19 | D        | Found the +18 shield of the Gong {rElec rN+ MR+ EV-5}
    19 | D        | Found the cursed +14 obsidian axe {chop, +Fly SInv *Curse}
    20 | D        | Found the +6 shillelagh "Devastator" {shatter}
    20 | D        | Found the +11 plutonium sword {*Contam Stlth-}
    20 | D        | Found the +8 lance "Wyrmbane" {slay drac, rPois rF+ rC+ AC+3}
    20 | D        | Found the +9 sword of Zonguldrok {reap}
    20 | D        | Found the cursed +13 scythe of Curses {drain, *Curse}
    20 | D        | Found the +0 sword of Power
    20 | D        | Found the +10 mace of Variability {chaos}
    20 | D        | Found the +7 Singing Sword
    20 | D        | Found the +7 longbow "Piercer" {penet, EV-2}
    41 | D        | Gained mutation: You have sharp toenails. [demonic ancestry]
    41 | D        | Reached XP level 2. HP: 24/24 MP: 3/3
   101 | D        | Entered arena 2.
   101 | D        | Noticed a wolf
   101 | D        | Noticed a black bear
   101 | D        | Found a transporter.
   107 | D        | Killed a wolf
   107 | D        | Reached skill level 4 in Fighting
   107 | D        | Reached XP level 3. HP: 26/31 MP: 4/4
   107 | D        | Gained mutation: You have sharp fingernails. [demonic ancestry]
   107 | D        | Reached XP level 4. HP: 32/38 MP: 5/5
   109 | D        | Killed a black bear
   109 | D        | Reached ** piety under Lugonu
   109 | D        | Reached skill level 5 in Fighting
   109 | D        | Reached XP level 5. HP: 38/46 MP: 6/6
   113 | D        | Got the +10 plate armour "Qatim" {MR+}
   158 | D        | Entered arena 3.
   158 | D        | Found a transporter.
   162 | D        | Reached skill level 6 in Fighting
   172 | D        | Reached skill level 10 in Polearms
   184 | D        | Entered arena 4.
   184 | D        | Noticed a fire elemental
   184 | D        | Noticed a deep elf mage
   184 | D        | Noticed a deep elf mage
   184 | D        | Noticed an orc sorcerer
   184 | D        | Found a transporter.
   192 | D        | Noticed a hellwing
   192 | D        | Killed a deep elf mage
   192 | D        | Reached *** piety under Lugonu
   192 | D        | Reached skill level 8 in Fighting
   192 | D        | Gained mutation: You have a pair of small horns on your head. [demonic ancestry]
   192 | D        | Reached XP level 6. HP: 57/57 MP: 7/7
   192 | D        | Reached XP level 7. HP: 63/63 MP: 8/8
   200 | D        | Killed an orc sorcerer
   200 | D        | Reached skill level 11 in Fighting
   200 | D        | Gained mutation: You are partially covered in sharp spines. [demonic ancestry]
   200 | D        | Reached XP level 8. HP: 75/75 MP: 9/9
   201 | D        | Killed a deep elf mage
   201 | D        | Reached skill level 12 in Fighting
   202 | D        | Reached skill level 13 in Fighting
   214 | D        | Got the ring of Remuocups {Str-4 Int+3 Dex+3}
   239 | D        | Entered arena 5.
   239 | D        | Noticed a thrashing horror
   239 | D        | Found a transporter.
   248 | D        | Killed a thrashing horror
   248 | D        | Reached **** piety under Lugonu
   248 | D        | Reached skill level 15 in Fighting
   248 | D        | Gained mutation: You have very sharp fingernails. [demonic ancestry]
   248 | D        | Reached XP level 9. HP: 79/89 MP: 10/10
   250 | D        | Reached skill level 1 in Dodging
   270 | D        | Entered arena 6.
   270 | D        | Found a transporter.
   275 | D        | Reached skill level 1 in Shields
   277 | D        | Reached ***** piety under Lugonu
   298 | D        | Got Iku Xall's Reference Book on Freezing Enhancements
   308 | D        | Entered arena 7.
   309 | D        | Found a transporter.
   312 | D        | Paralysed by a floating eye for 4 turns
   325 | D        | Reached skill level 5 in Armour
   338 | D        | Got the +9 bardiche of Discord {venom, Str+4}
   347 | D        | Entered arena 8.
   347 | D        | Noticed Etif the pandemonium lord
   347 | D        | Noticed a hellwing
   351 | D        | Reached ****** piety under Lugonu
   357 | D        | Noticed a smoke demon
   358 | D        | Noticed a red devil
   358 | D        | Noticed a soul eater
   366 | D        | Found a transporter.
   371 | D        | Entered arena 9.
   371 | D        | Noticed a death scarab
   371 | D        | Noticed a guardian mummy
   371 | D        | Noticed a guardian mummy
   384 | D        | Found a transporter.
   385 | D        | Slain by a guardian mummy

Vault maps used:
D:        sprint_v

Skill      XL: |  1  2  3  4  5  6  7  8  9 |
---------------+----------------------------+-----
Polearms       | 7 8 9 12 | 12.4
Fighting       | 4 5 8 11 15 | 15.5
Armour         | 3 5 |  5.3
Dodging        | 4 |  4.0
Shields        | 3 |  3.8
Invocations    | |  2.4

Action                   |  1- 3 |  4- 6 |  7- 9 || total
-------------------------+-------+-------+-------++-------
Melee: Lance             |     6 |    18 |    64 ||    88
       Kick              |     2 |     5 |    23 ||    30
       Headbutt          |       |       |     6 ||     6
Evoke: Lightning rod     |       |       |     1 ||     1
  Use: Potion            |     1 |     2 |     8 ||    11
       Scroll            |       |     2 |     1 ||     3
Armor: Gold dragon scale |    10 |    15 |   126 ||   151
Dodge: Dodged            |       |       |     6 ||     6
Block: Large shield      |     5 |    17 |    83 ||   105

Table legend:
 A = Spawn XP
 B = Non-spawn XP
 C = Spawn XP percentage of total XP
 D = Spawn monster count
 E = Non-spawn monster count
 F = Spawn count percentage of total count
 G = Total turns spent on level
                    A         B        C        D         E        F      G
               +---------+---------+-------+---------+---------+-------+---------
         Total |       0 |    4529 |   0.0 |       0 |      28 |   0.0 |   385
               +---------+---------+-------+---------+---------+-------+---------
             D |       0 |    4529 |   0.0 |       0 |      28 |   0.0 |   385
               +---------+---------+-------+---------+---------+-------+---------
